 Dungeon Sprint DCSS version 0.21-a0-508-gf08a75f (webtiles) character file.

526436 Coron the Dwarven Barricade (level 21, -14/218 (219) HPs)
             Began as a Deep Dwarf Fighter on Nov 29, 2017.
             Was the Champion of Trog.
             Demolished by Antaeus (41 damage)
             ... in the Dungeon (Sprint IX: "|||||||||||||||||||||||||||||").
             The game lasted 00:49:21 (8358 turns).

Coron the Dwarven Barricade (Deep Dwarf Fighter)    Turns: 8358, Time: 00:49:22

HP:   -14/218 (219) AC: 38    Str: 38    XL:     21   Next: 58%
MP:   25/25         EV: 26    Int: 13    God:    Trog [******]
Gold: 513           SH: 21    Dex: 16    Spells: 20/20 levels left

rFire    + + .     SeeInvis .   H - +7 broad axe (vamp)
rCold    + + .     Gourm    .   T - +0 shield {reflect}
rNeg     + + .     Faith    .   L - +3 gold dragon scales
rPois    +         Spirit   .   D - +2 helmet
rElec    +         Reflect  +   t - +0 cloak of the Crypt {rElec rF+ rN+ Int+2}
rCorr    .         Harm     .   Y - +2 pair of gloves
MR       +++++     NoTele   +   r - +2 pair of boots
Stlth    +++.......             c - amulet "Donont" {RegenMP Str+3}
HPRegen  1.00/turn              u - +3 ring of strength
MPRegen  0.44/turn              N - ring "Tooplalluo" {rC+ Str+4 Dex+2}

@: lethally poisoned (-14 -> -14), non-regenerating
A: damage resistance, heal wounds, thin skeletal structure 1, blurry vision 3,
deformed body, frail 1, low mp 2, negative energy resistance 1, sense
surroundings 3, subdued magic 3, no regeneration
}: 9/15 runes: decaying, serpentine, barnacled, slimy, elven, silver, golden,
abyssal, gossamer
a: Heal Wounds, Berserk, Trog's Hand, Brothers in Arms, Burn Spellbooks,
Renounce Religion


You were in the Dungeon.
You worshipped Trog.
Trog was exalted by your worship.
You were not hungry.

You visited 1 branch You collected 1982 gold pieces.
You spent 1469 gold pieces at shops.

Inventory:

Hand Weapons
 m - the +9 war axe of Moral Flaws {antimagic, *Contam rPois rF+ rN+}
   (Trog gifted it to you in the Dungeon)

   It reduces the magical energy of the wielder, and disrupts the spells and
   magical abilities of those hit.
   Natural abilities and divine invocations are not affected.
   It protects you from fire.
   It protects you from poison.
   It protects you from negative energy.
   It causes magical contamination when unequipped.
 q - the +14 broad axe "Fiturgh" {chaos, Int+5}
   (Trog gifted it to you in the Dungeon)

   Each time it hits an enemy it has a different, random effect.
   It affects your intelligence (+5).
 G - the +7 war axe "Letucw" {speed, Str+3, unknown}
   (Trog gifted it to you in the Dungeon)

   Attacks with this weapon are significantly faster.
   It affects your strength (+3).
 H - a +7 vampiric broad axe (weapon)
 I - a +9 antimagic broad axe
Missiles
 w - 11 tomahawks of dispersal
 x - 21 steel javelins (quivered)
 E - 23 javelins
Armour
 b - a +2 cloak
 r - a +2 pair of boots (worn)
 t - the +0 cloak of the Crypt (worn) {rElec rF+ rN+ Int+2}
   (You bought it in a shop in the Dungeon)

   It affects your intelligence (+2).
   It protects you from fire.
   It insulates you from electricity.
   It protects you from negative energy.
 D - a +2 helmet (worn)
 F - a +0 large shield
 L - +3 gold dragon scales (worn)
 T - a +0 shield of reflection (worn)
 X - the +0 hat of Socarona {rF+}
   (You found it in the Dungeon)

   It protects you from fire.
 Y - a +2 pair of gloves (worn)
 Z - a +0 pair of boots of stealth
Jewellery
 a - an uncursed ring of protection from cold
 c - the amulet "Donont" (around neck) {RegenMP Str+3}
   (You found it in the Dungeon)

   [amulet of magic regeneration]

   It increases your magic regeneration.
   It affects your strength (+3).
 u - a +3 ring of strength (left hand)
 v - the ring of the Barnacle {MR- EV+3 Dex+4 Stlth+}
   (You found it in the Dungeon)

   [ring of evasion]

   It affects your evasion (+3).
   It affects your dexterity (+4).
   It affects your resistance to hostile enchantments.
   It makes you more stealthy.
 A - an uncursed ring of protection from fire
 J - a +6 ring of dexterity
 K - an uncursed ring of positive energy
 N - the ring "Tooplalluo" (right hand) {rC+ Str+4 Dex+2}
   (You found it in the Dungeon)

   [ring of dexterity]

   It affects your strength (+4).
   It affects your dexterity (+2).
   It protects you from cold.
 U - the ring "Qizohy" {rPois rC+ Stlth+}
   (You found it in the Dungeon)

   [ring of poison resistance]

   It protects you from cold.
   It protects you from poison.
   It makes you more stealthy.
 W - the ring of Amelioration {Ice rElec Str+3 Int+3}
   (You found it in the Dungeon)

   [ring of ice]

   It enhances your ice magic.
   It affects your strength (+3).
   It affects your intelligence (+3).
   It makes you vulnerable to fire.
   It protects you from cold.
   It insulates you from electricity.
Wands
 p - a wand of iceblast (10)
Scrolls
 k - 6 scrolls of blinking
 o - 4 scrolls of remove curse
 s - 3 scrolls of fog
 y - 7 scrolls of fear
 z - 5 scrolls of identify
Potions
 d - 2 potions of might
 e - 12 potions of curing
 g - 10 potions of heal wounds
 h - 7 potions of haste
 i - 5 potions of magic
 j - 5 potions of brilliance
 n - 2 potions of invisibility
 O - a potion of lignification
Books
 Q - a book of Air

   Spells                             Type                      Level
   a - Shock                          Conjuration/Air              1
   b - Swiftness                      Charms/Air                   2
   c - Static Discharge               Conjuration/Air              3
   d - Airstrike                      Air                          4
   e - Lightning Bolt                 Conjuration/Air              5
   Trog disapproves of the use of such an item.
Miscellaneous
 l - the horn of Geryon
 R - a lightning rod (4/4)
 S - a phantom mirror
Comestibles
 f - 7 bread rations
 B - 43 fruits
 C - 12 meat rations


   Skills:
 O Level 27 Fighting
 O Level 27 Axes
 O Level 27 Throwing
 O Level 27 Armour
 O Level 27 Dodging
 O Level 27 Stealth
 O Level 27 Shields
 O Level 27 Unarmed Combat
 O Level 27 Evocations


You had 20 spell levels left.
You didn't know any spells.

Dungeon Overview and Level Annotations

Branches:
Dungeon (1/1)

Altars:
Cheibriados
Dithmenos
Elyvilon
Fedhas
Gozag
Hepliaklqana
Kikubaaqudgha
Makhleb
Nemelex Xobeh
Okawaru
Qazlal
Ru
Sif Muna
Trog
Uskayaw
Vehumet
Wu Jian
Xom
Yredelemnul
Zin
The Shining One
Beogh
Jiyva
Lugonu

Shops:
D ![?*

Annotations:
D Antaeus, Dispater, Gloorx Vloq, Lom Lobon


Innate Abilities, Weirdness & Mutations

You are resistant to damage.
You can heal yourself by infusing magical energy.
You resist negative energy. (rN+)
You passively map a large area around you.
You do not regenerate.
You have a somewhat thin skeletal structure. (Dex +2, Stealth)
Scrolls take you much longer to read.
Armour fits poorly on your strangely shaped body.
You are frail. (-10% HP)
Your magical capacity is very low. (-20% MP)
Your spells are much easier to cast, but much less powerful.


Message History

Okay, then.
You feel much better.
You hear a clap of thunder!
The ball lightning explodes!
The blast of lightning engulfs Lom Lobon.
Lom Lobon completely resists.
The blast of lightning engulfs the Executioner.
The Executioner resists.
Gloorx Vloq gestures at you.
The foul vapour engulfs Antaeus.
Antaeus completely resists.
Antaeus hits you!!!
* * * LOW HITPOINT WARNING * * *
Antaeus freezes you!! You resist.
* * * LOW HITPOINT WARNING * * *
You block Antaeus's attack.
You feel much better.
You are engulfed in dark miasma.
You feel your flesh rotting away!
* * * LOW HITPOINT WARNING * * *
Antaeus hits you!!!
You die...

▓.▓.▓.▓.▓)▓.▓.▓.▓.
▓.▓.▓.▓.▓(▓.▓)▓.▓.
▓.▓.▓'▓.▓.▓.▓)▓.▓.
▓§▓.▓)▓.▓.▓.▓.▓.▓.
▓§▓.▓.▓.▓.▓.▓.▓.▓.
▓§▓.▓.▓.▓)▓.▓.▓.▓.
▓§▓.▓.▓.▓.▓.▓.▓.▓'
▓§▓.▓.▓.▓.▓.▓.▓.▓[
▓@▓.▓(▓.▓)▓.▓.▓.▓)
▓C▓.▓(▓.▓.▓.▓.▓.▓)
▓&▓.▓.▓.▓)▓.▓.▓.▓.
▓&▓.▓.▓.▓.▓.▓.▓.▓[
▓1▓.▓(▓.▓.▓.▓)▓.▓)
▓1▓.▓.▓.▓.▓.▓'▓.▓.
▓&▓.▓(▓.▓.▓.▓.▓.▓[
▓§▓.▓.▓.▓.▓.▓.▓.▓)
▓.▓.▓.▓.▓.▓.▓.▓)


You could see Antaeus, Dispater, Lom Lobon, Gloorx Vloq and 2 Executioners.

Vanquished Creatures
  the Royal Jelly (D)
  4 orbs of fire (D)
  6 ancient liches (D)
  Mennas (D)
  5 greater mummies (D)
  Margery (D)
  Frederick (D)
  Geryon (D)
  A Killer Klown (D)
  Xtahua (D)
  2 curse toes (D)
  3 golden dragons (D)
  Nikola (D)
  A bone dragon (D)
  An electric golem (D)
  4 tentacled monstrosities (D)
  A lich (D)
  4 deep elf blademasters (D)
  26 Orb Guardians (D)
  4 acid blobs (D)
  A quicksilver dragon (D)
  A titan (D)
  2 death cobs (D)
  Agnes (D)
  8 shadow dragons (D)
  A thorn hunter (D)
  13 sphinxes (D)
  6 nagarajas (D)
  7 storm dragons (D)
  3 draconian monks (D)
  Donald (D)
  7 azure jellies (D)
  An orc warlord (D)
  Ilsuiw (D)
  4 ghost moths (D)
  A frost giant (D)
  Louise (D)
  2 draconian scorchers (D)
  2 vault wardens (D)
  2 draconian knights (D)
  4 emperor scorpions (D)
  2 draconian shifters (D)
  A draconian stormcaller (D)
  3 ironheart preservers (D)
  A draconian annihilator (D)
  8 stone giants (D)
  8 vampire knights (D)
  4 green draconians (D)
  2 deep elf demonologists (D)
  Nessos (D)
  3 white draconians (D)
  A deep elf annihilator (D)
  2 dire elephants (D)
  2 black draconians (D)
  A purple draconian (D)
  A spark wasp (D)
  4 yellow draconians (D)
  4 merfolk javelineers (D)
  7 red draconians (D)
  7 death oozes (D)
  3 deep elf death magi (D)
  4 fire dragons (D)
  5 mummy priests (D)
  4 merfolk impalers (D)
  5 great orbs of eyes (D)
  2 deep elf high priests (D)
  3 yaktaur captains (D)
  An ogre mage (D)
  Harold (D)
  25 vault guards (D)
  2 ice dragons (D)
  3 naga warriors (D)
  7 hydras (D)
  A rakshasa (D)
  A merfolk avatar (D)
  4 merfolk aquamancers (D)
  A centaur warrior (D)
  An anaconda (D)
  An alligator (D)
  A two-headed ogre (D)
  Erica (D)
  2 death knights (D)
  A vampire mage (D)
  Urug (D)
  A spriggan berserker (D)
  2 shock serpents (D)
  Nergalle (D)
  A thrashing horror (D)
  7 orc high priests (D)
  5 hell knights (D)
  3 deep elf knights (D)
  A wretched star (D)
  4 small abominations (D)
  A skeletal warrior (D)
  A sea snake (D)
  A flayed ghost (D)
  3 swamp dragons (D)
  A shadow demon (D)
  6 ironbrand convokers (D)
  A necromancer (D)
  5 wolf spiders (D)
  A phantasmal warrior (D)
  An orb spider (D)
  8 orc knights (D)
  A cyclops (D)
  4 manticores (D)
  6 moths of wrath (D)
  2 guardian serpents (D)
  3 black mambas (D)
  4 vault sentinels (D)
  6 elephants (D)
  3 naga magi (D)
  A gargoyle (D)
  A yaktaur (D)
  5 spiny frogs (D)
  A freezing wraith (D)
  A merfolk (D)
  A jumping spider (D)
  A troll (D)
  18 guardian mummies (D)
  A wandering mushroom (D)
  2 hornets (D)
  2 tyrant leeches (D)
  A snapping turtle (D)
  A bog body (D)
  2 slime creatures (D)
  A hippogriff (D)
  A water elemental (D)
  11 spriggans (D)
  3 redbacks (D)
  A wyvern (D)
  A yak (D)
  A basilisk (D)
  2 tarantellas (D)
  A ynoxinul (D)
  A large abomination (D)
  A golden eye (D)
  A hungry ghost (D)
  2 nagas (D)
  2 acid dragons (D)
  5 floating eyes (D)
  3 porcupines (D)
  3 water moccasins (D)
  3 swamp drakes (D)
  11 orc warriors (D)
  An ice beast (D)
  A tengu (shapeshifter) (D)
  A centaur (D)
  5 crocodiles (D)
  3 bullfrogs (D)
  A wight (D)
  A howler monkey (D)
  2 crimson imps (D)
  2 hounds (D)
  3 orc priests (D)
  2 orc wizards (D)
  A worker ant (D)
  An adder (D)
  2 shadow imps (D)
  A worm (D)
  9 orcs (D)
  2 bats (D)
  A bat zombie (D)
  A goblin (D)
  A jackal skeleton (D)
  A kobold (D)
  A quokka zombie (D)
  A rat (D)
  A crawling corpse (D)
  A lurking horror (D)
501 creatures vanquished.

Vanquished Creatures (collateral kills)
  A stone giant (D)
  A yaktaur captain (D)
  An ogre mage (D)
  A rakshasa (D)
  A hydra (D)
  A glowing orange brain (D)
  A necromancer (D)
  A tengu conjurer (D)
8 creatures vanquished.

Vanquished Creatures (others)
  2 deep elf master archers (D)
  An orc high priest (D)
  A deep elf knight (D)
  A tengu conjurer (D)
5 creatures vanquished.

Grand Total: 514 creatures vanquished

Notes
Turn   | Place    | Note
-------+----------+-------------------------------------------
     0 | D        | Coron the Deep Dwarf Fighter began the quest for the Orb.
     0 | D        | Reached XP level 1. HP: 20/20 MP: 1/1
    27 | D        | Noticed a worker ant
    27 | D        | Noticed a hound
    27 | D        | Noticed a centaur
    30 | D        | Killed a worker ant
    30 | D        | Reached XP level 2. HP: 24/30 MP: 2/2
    47 | D        | Reached skill level 5 in Armour
    47 | D        | Reached skill level 5 in Shields
    47 | D        | Reached XP level 3. HP: 20/37 MP: 3/3
    53 | D        | Killed a centaur
    53 | D        | Reached skill level 5 in Fighting
    53 | D        | Reached skill level 5 in Axes
    53 | D        | Reached XP level 4. HP: 11/46 MP: 4/4
    53 | D        | Reached XP level 5. HP: 12/52 MP: 5/5
    77 | D        | Found a roughly hewn altar of Beogh.
    77 | D        | Found a snail-covered altar of Cheibriados.
    77 | D        | Found a shadowy altar of Dithmenos.
    77 | D        | Found a white marble altar of Elyvilon.
    77 | D        | Found a blossoming altar of Fedhas.
    77 | D        | Found an opulent altar of Gozag.
    78 | D        | Found a hazy altar of Hepliaklqana.
    79 | D        | Found a viscous altar of Jiyva.
    80 | D        | Found an ancient bone altar of Kikubaaqudgha.
    81 | D        | Found a corrupted altar of Lugonu.
    82 | D        | Found a burning altar of Makhleb.
    83 | D        | Found a sparkling altar of Nemelex Xobeh.
    84 | D        | Found an iron altar of Okawaru.
    85 | D        | Found a stormy altar of Qazlal.
    86 | D        | Found a sacrificial altar of Ru.
    87 | D        | Found a deep blue altar of Sif Muna.
    88 | D        | Found a bloodstained altar of Trog.
    89 | D        | Found a hide-covered altar of Uskayaw.
    90 | D        | Found a radiant altar of Vehumet.
    91 | D        | Found an ornate altar of the Wu Jian Council.
    92 | D        | Found a shimmering altar of Xom.
    93 | D        | Found a basalt altar of Yredelemnul.
    94 | D        | Found a glowing silver altar of Zin.
    95 | D        | Found a glowing golden altar of the Shining One.
    98 | D        | Became a worshipper of Trog the Wrathful
   165 | D        | Reached * piety under Trog
   167 | D        | Reached XP level 6. HP: 63/63 MP: 6/6
   176 | D        | Reached ** piety under Trog
   226 | D        | Noticed a yak
   226 | D        | Noticed a wyvern
   226 | D        | Noticed a troll
   226 | D        | Noticed a hungry ghost
   232 | D        | Killed a yak
   237 | D        | Killed a wyvern
   237 | D        | Reached XP level 7. HP: 55/73 MP: 7/7
   243 | D        | Reached *** piety under Trog
   248 | D        | Killed a troll
   248 | D        | Reached skill level 10 in Armour
   248 | D        | Reached skill level 10 in Shields
   261 | D        | Killed a hungry ghost
   261 | D        | Reached skill level 10 in Axes
   261 | D        | Reached XP level 8. HP: 50/82 MP: 8/8
   308 | D        | Noticed Erica
   328 | D        | Killed Erica
   328 | D        | Reached **** piety under Trog
   404 | D        | Noticed a seven-headed hydra
   416 | D        | Killed a seven-headed hydra
   416 | D        | Gained mutation: You passively map the area around you. [Deep Dwarf growth]
   416 | D        | Reached XP level 9. HP: 48/93 MP: 9/9
   424 | D        | Reached skill level 10 in Fighting
   495 | D        | Noticed a spiny frog
   495 | D        | Noticed a spiny frog
   495 | D        | Noticed a spiny frog
   500 | D        | Killed a spiny frog
   505 | D        | Killed a spiny frog
   505 | D        | Reached ***** piety under Trog
   522 | D        | Killed a spiny frog
   526 | D        | Reached XP level 10. HP: 53/104 MP: 10/10
   608 | D        | Noticed an elephant
   608 | D        | Noticed an elephant
   608 | D        | Noticed an elephant
   608 | D        | Noticed an elephant
   608 | D        | Noticed a dire elephant
   608 | D        | Noticed a dire elephant
   617 | D        | Killed an elephant
   621 | D        | Killed an elephant
   628 | D        | Killed a dire elephant
   641 | D        | Killed a dire elephant
   646 | D        | Killed an elephant
   646 | D        | Reached ****** piety under Trog
   646 | D        | Received a gift from Trog
   649 | D        | Noticed an elephant
   655 | D        | Killed an elephant
   662 | D        | Killed an elephant
   664 | D        | Noticed an elephant
   678 | D        | Killed an elephant
   678 | D        | Reached skill level 15 in Armour
   678 | D        | Reached skill level 15 in Shields
   678 | D        | Reached XP level 11. HP: 55/111 MP: 11/11
   831 | D        | Noticed Urug
   852 | D        | Killed Urug
   852 | D        | Received a gift from Trog
   852 | D        | Reached skill level 15 in Axes
   922 | D        | Received a gift from Trog
  1007 | D        | Noticed an orc knight
  1018 | D        | Killed an orc knight
  1018 | D        | Received a gift from Trog
  1051 | D        | Received a gift from Trog
  1133 | D        | Found Foanuc's Distillery.
  1133 | D        | Noticed an orc knight
  1133 | D        | Noticed an orc high priest
  1133 | D        | Noticed an orc high priest
  1133 | D        | Noticed an orc knight
  1133 | D        | Noticed an orc high priest
  1135 | D        | Noticed an orc knight
  1141 | D        | Killed an orc knight
  1144 | D        | Killed an orc high priest
  1149 | D        | Killed an orc high priest
  1150 | D        | Noticed an orc high priest
  1153 | D        | Noticed an orc knight
  1162 | D        | Killed an orc knight
  1166 | D        | Noticed an orc knight
  1171 | D        | Killed an orc high priest
  1173 | D        | Found Faonurgh's Armour Shoppe.
  1180 | D        | Killed an orc knight
  1182 | D        | Noticed an orc high priest
  1189 | D        | Killed an orc high priest
  1190 | D        | Found Ditots's Magic Scroll Emporium.
  1195 | D        | Noticed a sun demon
  1197 | D        | Killed an orc knight
  1215 | D        | Killed an orc knight
  1223 | D        | Found Kiumos's General Store.
  1236 | D        | Killed an orc high priest
  1236 | D        | Received a gift from Trog
  1271 | D        | Bought 2 potions of mutation for 224 gold pieces
  1271 | D        | Bought a potion of heal wounds for 70 gold pieces
  1271 | D        | Bought a potion of might for 56 gold pieces
  1271 | D        | Bought a potion of invisibility for 112 gold pieces
  1272 | D        | Noticed an orc high priest
  1273 | D        | Noticed an orc high priest
  1274 | D        | Noticed an orc high priest
  1279 | D        | Killed an orc high priest
  1279 | D        | Reached XP level 12. HP: 25/120 MP: 12/12
  1287 | D        | Killed an orc high priest
  1292 | D        | Killed an orc high priest
  1314 | D        | Bought the +0 cloak of the Crypt {rElec rF+ rN+ Int+2} for 440 gold pieces
  1324 | D        | Bought a scroll of enchant armour for 105 gold pieces
  1324 | D        | Bought a scroll of blinking for 105 gold pieces
  1324 | D        | Bought a scroll of blinking for 105 gold pieces
  1324 | D        | Bought a scroll of blinking for 105 gold pieces
  1324 | D        | Bought a scroll of enchant armour for 105 gold pieces
  1328 | D        | Bought a potion of curing for 42 gold pieces
  1584 | D        | Noticed a two-headed ogre
  1590 | D        | Noticed a stone giant
  1595 | D        | Noticed a stone giant
  1607 | D        | Noticed a great orb of eyes
  1615 | D        | Killed a stone giant
  1619 | D        | Received a gift from Trog
  1630 | D        | Killed a stone giant
  1634 | D        | Killed a two-headed ogre
  1635 | D        | Noticed a great orb of eyes
  1649 | D        | Received a gift from Trog
  1657 | D        | Killed a great orb of eyes
  1663 | D        | Killed a great orb of eyes
  1737 | D        | Noticed a stone giant
  1748 | D        | Killed a stone giant
  1865 | D        | Noticed an alligator
  1869 | D        | Noticed a thorn hunter
  1869 | D        | Received a gift from Trog
  1876 | D        | Received a gift from Trog
  1892 | D        | Killed an alligator
  1899 | D        | Killed a thorn hunter
  1979 | D        | Reached XP level 13. HP: 127/127 MP: 13/13
  1993 | D        | Received a gift from Trog
  2122 | D        | Received a gift from Trog
  2153 | D        | Received a gift from Trog
  2220 | D        | Noticed a nagaraja
  2224 | D        | Received a gift from Trog
  2234 | D        | Killed a nagaraja
  2248 | D        | Received a gift from Trog
  2294 | D        | Gained mutation: You have sharp toenails. [mutagenic meat]
  2296 | D        | Gained mutation: You passively map a large area around you. [mutagenic meat]
  2366 | D        | Noticed Agnes
  2384 | D        | Killed Agnes
  2410 | D        | Noticed Nessos
  2411 | D        | Noticed Harold
  2420 | D        | Killed Harold
  2425 | D        | Killed Nessos
  2425 | D        | Received a gift from Trog
  2489 | D        | Noticed a fire dragon
  2489 | D        | Noticed a stone giant
  2489 | D        | Noticed a stone giant
  2499 | D        | Killed a fire dragon
  2501 | D        | Noticed a stone giant
  2511 | D        | Killed a stone giant
  2526 | D        | Killed a stone giant
  2532 | D        | Received a gift from Trog
  2532 | D        | Reached skill level 15 in Fighting
  2538 | D        | Killed a stone giant
  2547 | D        | Gained mutation: You resist negative energy. (rN+) [Deep Dwarf growth]
  2547 | D        | Reached XP level 14. HP: 39/147 MP: 14/14
  2555 | D        | Received a gift from Trog
  2562 | D        | Noticed a stone giant
  2565 | D        | Killed a stone giant
  2567 | D        | Received a gift from Trog
  2568 | D        | Noticed a frost giant
  2574 | D        | Killed a frost giant
  2608 | D        | Lost mutation: You have sharp toenails. [mutagenic meat]
  2694 | D        | Noticed an ironheart preserver
  2712 | D        | Received a gift from Trog
  2718 | D        | Noticed an ironheart preserver
  2722 | D        | Killed an ironheart preserver
  2731 | D        | Received a gift from Trog
  2741 | D        | Noticed a vault warden
  2750 | D        | Noticed a stone giant
  2750 | D        | Killed an ironheart preserver
  2756 | D        | Noticed a vault warden
  2758 | D        | Received a gift from Trog
  2761 | D        | Noticed an ironheart preserver
  2782 | D        | Killed a vault warden
  2804 | D        | Killed a stone giant
  2819 | D        | Killed a vault warden
  2819 | D        | Received a gift from Trog
  2828 | D        | Killed an ironheart preserver
  2994 | D        | Noticed Louise
  3019 | D        | Killed Louise
  3019 | D        | Received a gift from Trog
  3744 | D        | Noticed Ilsuiw
  3776 | D        | Received a gift from Trog
  3828 | D        | Killed Ilsuiw
  3834 | D        | Received a gift from Trog
  3864 | D        | Reached XP level 15. HP: 163/166 MP: 15/15
  3898 | D        | Got a barnacled rune of Zot
  3971 | D        | Killed a ghost moth
  3979 | D        | Killed a ghost moth
  4013 | D        | Received a gift from Trog
  4027 | D        | Killed a ghost moth
  4049 | D        | Killed a ghost moth
  4057 | D        | Gained mutation: You tend to lose your temper in combat. [mutagenic meat]
  4058 | D        | Lost mutation: You tend to lose your temper in combat. [mutagenic meat]
  4059 | D        | Gained mutation: You possess an exceptional clarity of mind. [mutagenic meat]
  4060 | D        | Gained mutation: You have large cloven feet. [mutagenic meat]
  4061 | D        | Gained mutation: You have a pair of small antennae on your head. [mutagenic meat]
  4063 | D        | Lost mutation: You possess an exceptional clarity of mind. [potion of mutation]
  4063 | D        | Lost mutation: You have a pair of small antennae on your head. [potion of mutation]
  4063 | D        | Lost mutation: You have large cloven feet. [potion of mutation]
  4063 | D        | Gained mutation: Your mind is acute. (Int +2) [potion of mutation]
  4063 | D        | Gained mutation: Your skin changes colour to match your surroundings (Stealth+). [potion of mutation]
  4063 | D        | Gained mutation: You have a pair of small horns on your head. [potion of mutation]
  4113 | D        | Received a gift from Trog
  4116 | D        | Got a gossamer rune of Zot
  4135 | D        | Noticed a nagaraja
  4135 | D        | Noticed a nagaraja
  4136 | D        | Noticed a nagaraja
  4137 | D        | Noticed a nagaraja
  4146 | D        | Killed a nagaraja
  4147 | D        | Killed a nagaraja
  4154 | D        | Killed a nagaraja
  4161 | D        | Noticed a nagaraja
  4161 | D        | Received a gift from Trog
  4169 | D        | Killed a nagaraja
  4173 | D        | Killed a nagaraja
  4194 | D        | Gained mutation: Your body sometimes deteriorates upon taking damage. [mutagenic meat]
  4196 | D        | Gained mutation: Your spells are a little easier to cast, but a little less powerful. [mutagenic meat]
  4197 | D        | Gained mutation: You tend to lose your temper in combat. [mutagenic meat]
  4198 | D        | Gained mutation: You are clumsy. (Dex -2) [mutagenic meat]
  4200 | D        | Lost mutation: You have a pair of small horns on your head. [potion of mutation]
  4200 | D        | Lost mutation: Your mind is acute. (Int +2) [potion of mutation]
  4200 | D        | Lost mutation: You are clumsy. (Dex -2) [potion of mutation]
  4200 | D        | Lost mutation: You passively map a large area around you. [potion of mutation]
  4200 | D        | Gained mutation: Your spells are easier to cast, but less powerful. [potion of mutation]
  4200 | D        | Gained mutation: You have a somewhat thin skeletal structure. (Dex +2, Stealth) [potion of mutation]
  4201 | D        | Lost mutation: Your body sometimes deteriorates upon taking damage. [potion of mutation]
  4201 | D        | Lost mutation: You tend to lose your temper in combat. [potion of mutation]
  4201 | D        | Lost mutation: Your skin changes colour to match your surroundings (Stealth+). [potion of mutation]
  4201 | D        | Gained mutation: You are dopey. (Int -2) [potion of mutation]
  4201 | D        | Lost mutation: You are dopey. (Int -2) [potion of mutation]
  4215 | D        | Got a serpentine rune of Zot
  4235 | D        | Received a gift from Trog
  4244 | D        | Noticed a tentacled monstrosity
  4274 | D        | Killed a tentacled monstrosity
  4298 | D        | Received a gift from Trog
  4331 | D        | Got a decaying rune of Zot
  4358 | D        | Noticed Xtahua
  4370 | D        | Killed Xtahua
  4383 | D        | Noticed Nikola
  4398 | D        | Killed Nikola
  4398 | D        | Reached XP level 16. HP: 188/188 MP: 16/16
  4432 | D        | Noticed Frederick
  4443 | D        | Killed Frederick
  4443 | D        | Received a gift from Trog
  4526 | D        | Received a gift from Trog
  4566 | D        | Received a gift from Trog
  4583 | D        | Reached skill level 27 in Shields
  4651 | D        | Received a gift from Trog
  4711 | D        | Noticed an ancient lich
  4735 | D        | Killed an ancient lich
  4735 | D        | Received a gift from Trog
  4735 | D        | Reached skill level 27 in Armour
  4746 | D        | Noticed a shadow dragon
  4753 | D        | Paralysed by a hornet for 1 turns
  4764 | D        | Noticed a shadow dragon
  4770 | D        | Killed a shadow dragon
  4770 | D        | Received a gift from Trog
  4771 | D        | Noticed a sphinx
  4806 | D        | Killed a shadow dragon
  4810 | D        | Noticed an orb of fire
  4810 | D        | Noticed an Orb Guardian
  4811 | D        | Killed a sphinx
  4811 | D        | Received a gift from Trog
  4818 | D        | Killed an Orb Guardian
  4820 | D        | Gained mutation: Your spells are much easier to cast, but much less powerful. [an orb of fire]
  4821 | D        | Gained mutation: Scrolls take you a little longer to read. [an orb of fire]
  4825 | D        | Gained mutation: Scrolls take you longer to read. [an orb of fire]
  4833 | D        | Gained mutation: Your magical capacity is low. (-10% MP) [an orb of fire]
  4837 | D        | Killed an orb of fire
  4837 | D        | Reached XP level 17. HP: 135/205 MP: 15/15
  4842 | D        | Received a gift from Trog
  4863 | D        | Got a transparent brass ring
  4908 | D        | Noticed a titan
  4909 | D        | Noticed a quicksilver dragon
  4914 | D        | Received a gift from Trog
  4954 | D        | Killed a titan
  4969 | D        | Received a gift from Trog
  4984 | D        | Killed a quicksilver dragon
  4984 | D        | Reached skill level 27 in Fighting
  4987 | D        | Got a silver rune of Zot
  5065 | D        | Noticed Donald
  5081 | D        | Killed Donald
  5135 | D        | Got the ring "Qizohy" {rPois rC+ Stlth+}
  5142 | D        | Identified the ring "Tooplalluo" {rC+ Str+4 Dex+2} (You found it in the Dungeon)
  5147 | D        | Got the amulet "Donont" {RegenMP Str+3}
  5150 | D        | Got the ring of the Barnacle {MR- EV+3 Dex+4 Stlth+}
  5154 | D        | Got the ring of Amelioration {Ice rElec Str+3 Int+3}
  5156 | D        | Found the +0 sword of Power
  5174 | D        | Got the +0 hat of Socarona {rF+}
  5247 | D        | Noticed Margery
  5254 | D        | Received a gift from Trog
  5265 | D        | Killed Margery
  5275 | D        | Received a gift from Trog
  5275 | D        | Reached skill level 10 in Evocations
  5297 | D        | Got a warped broad axe {god gift}
  5298 | D        | Identified the +14 broad axe "Fiturgh" {chaos, Int+5} (Trog gifted it to you in the Dungeon)
  5344 | D        | Noticed Mennas
  5367 | D        | Killed Mennas
  5367 | D        | Reached skill level 27 in Axes
  5368 | D        | Noticed Nergalle
  5378 | D        | Killed Nergalle
  5416 | D        | Reached skill level 15 in Evocations
  5425 | D        | Received a gift from Trog
  5465 | D        | Received a gift from Trog
  5490 | D        | Noticed a golden dragon
  5525 | D        | Killed a golden dragon
  5545 | D        | Noticed a bone dragon
  5555 | D        | Received a gift from Trog
  5562 | D        | Received a gift from Trog
  5572 | D        | Killed a bone dragon
  5633 | D        | Gained mutation: You passively map a large area around you. [Deep Dwarf growth]
  5633 | D        | Reached XP level 18. HP: 218/218 MP: 31/31
  5660 | D        | Noticed a tentacled monstrosity
  5672 | D        | Killed a tentacled monstrosity
  5672 | D        | Received a gift from Trog
  5694 | D        | Reached skill level 27 in Evocations
  5738 | D        | Reached skill level 10 in Dodging
  5742 | D        | Received a gift from Trog
  5765 | D        | Noticed a tentacled monstrosity
  5782 | D        | Killed a tentacled monstrosity
  5810 | D        | Reached skill level 15 in Dodging
  5859 | D        | Received a gift from Trog
  5864 | D        | Noticed a golden dragon
  5874 | D        | Noticed a curse toe
  5882 | D        | Killed a golden dragon
  5886 | D        | Received a gift from Trog
  5913 | D        | Received a gift from Trog
  5922 | D        | Killed a curse toe
  6036 | D        | Noticed an Orb Guardian
  6036 | D        | Noticed an Orb Guardian
  6036 | D        | Noticed an Orb Guardian
  6036 | D        | Noticed an Orb Guardian
  6036 | D        | Noticed an Orb Guardian
  6036 | D        | Noticed an Orb Guardian
  6041 | D        | Killed an Orb Guardian
  6051 | D        | Killed an Orb Guardian
  6062 | D        | Killed an Orb Guardian
  6068 | D        | Killed an Orb Guardian
  6074 | D        | Killed an Orb Guardian
  6078 | D        | Killed an Orb Guardian
  6078 | D        | Received a gift from Trog
  6079 | D        | Noticed an Orb Guardian
  6080 | D        | Noticed an Orb Guardian
  6081 | D        | Noticed an Orb Guardian
  6086 | D        | Killed an Orb Guardian
  6088 | D        | Noticed an Orb Guardian
  6088 | D        | Killed an Orb Guardian
  6091 | D        | Killed an Orb Guardian
  6098 | D        | Killed an Orb Guardian
  6106 | D        | Noticed an Orb Guardian
  6106 | D        | Noticed an Orb Guardian
  6107 | D        | Noticed an Orb Guardian
  6113 | D        | Received a gift from Trog
  6114 | D        | Noticed an Orb Guardian
  6118 | D        | Reached skill level 27 in Dodging
  6118 | D        | Reached skill level 1 in Stealth
  6128 | D        | Killed an Orb Guardian
  6135 | D        | Killed an Orb Guardian
  6135 | D        | Reached skill level 10 in Stealth
  6135 | D        | Reached XP level 19. HP: 216/226 MP: 32/32
  6155 | D        | Received a gift from Trog
  6165 | D        | Reached skill level 15 in Stealth
  6191 | D        | Noticed an ancient lich
  6197 | D        | Killed an ancient lich
  6197 | D        | Received a gift from Trog
  6201 | D        | Noticed an orb of fire
  6202 | D        | Gained mutation: Armour fits poorly on your strangely shaped body. [an orb of fire]
  6214 | D        | Gained mutation: You are frail. (-10% HP) [an orb of fire]
  6216 | D        | Killed an orb of fire
  6254 | D        | Noticed an electric golem
  6257 | D        | Noticed an ancient lich
  6257 | D        | Noticed a curse toe
  6258 | D        | Noticed an orb of fire
  6264 | D        | Noticed an orb of fire
  6264 | D        | Killed an electric golem
  6275 | D        | Killed an ancient lich
  6276 | D        | Gained mutation: Scrolls take you much longer to read. [an orb of fire]
  6285 | D        | Noticed an ancient lich
  6289 | D        | Gained mutation: Your magical capacity is very low. (-20% MP) [an orb of fire]
  6292 | D        | Gained mutation: You occasionally shout uncontrollably at your foes. [an orb of fire]
  6296 | D        | Killed an orb of fire
  6296 | D        | Received a gift from Trog
  6297 | D        | Noticed a golden dragon
  6304 | D        | Killed an orb of fire
  6304 | D        | Reached skill level 27 in Stealth
  6309 | D        | Noticed a Killer Klown
  6313 | D        | Killed an ancient lich
  6321 | D        | Received a gift from Trog
  6335 | D        | Killed a curse toe
  6339 | D        | Killed a golden dragon
  6343 | D        | Reached skill level 15 in Unarmed Combat
  6359 | D        | Killed a Killer Klown
  6482 | D        | Received a gift from Trog
  6533 | D        | Reached XP level 20. HP: 210/212 MP: 30/30
  6546 | D        | Received a gift from Trog
  6639 | D        | Noticed an ancient lich
  6645 | D        | Noticed an ancient lich
  6648 | D        | Received a gift from Trog
  6658 | D        | Received a gift from Trog
  6669 | D        | Killed an ancient lich
  6675 | D        | Killed an ancient lich
  6683 | D        | Received a gift from Trog
  6878 | D        | Received a gift from Trog
  6900 | D        | Received a gift from Trog
  6960 | D        | Received a gift from Trog
  7014 | D        | Received a gift from Trog
  7014 | D        | Reached skill level 27 in Unarmed Combat
  7041 | D        | Received a gift from Trog
  7041 | D        | Reached skill level 10 in Throwing
  7053 | D        | Got an elven rune of Zot
  7063 | D        | Got a crystal war axe {god gift}
  7064 | D        | Identified the +9 war axe of Moral Flaws {antimagic, *Contam rPois rF+ rN+} (Trog gifted it to you in the Dungeon)
  7087 | D        | Paralysed by a floating eye for 4 turns
  7096 | D        | Received a gift from Trog
  7100 | D        | Paralysed by a floating eye for 2 turns
  7106 | D        | Paralysed by a floating eye for 4 turns
  7119 | D        | Noticed the Royal Jelly
  7126 | D        | Received a gift from Trog
  7130 | D        | Paralysed by a floating eye for 3 turns
  7139 | D        | Lost mutation: You occasionally shout uncontrollably at your foes. [mutagenic glow]
  7141 | D        | Killed the Royal Jelly
  7152 | D        | Paralysed by a floating eye for 2 turns
  7163 | D        | Paralysed by a floating eye for 2 turns
  7176 | D        | Got a slimy rune of Zot
  7184 | D        | Paralysed by a floating eye for 4 turns
  7189 | D        | Received a gift from Trog
  7192 | D        | Paralysed by a floating eye for 3 turns
  7367 | D        | Received a gift from Trog
  7374 | D        | Received a gift from Trog
  7375 | D        | Paralysed by a sphinx for 5 turns
  7387 | D        | Reached XP level 21. HP: 209/217 MP: 30/30
  7397 | D        | Received a gift from Trog
  7411 | D        | Received a gift from Trog
  7423 | D        | Received a gift from Trog
  7429 | D        | Received a gift from Trog
  7503 | D        | Received a gift from Trog
  7518 | D        | Got a faintly glowing war axe {god gift}
  7556 | D        | Received a gift from Trog
  7571 | D        | Received a gift from Trog
  7719 | D        | Noticed a greater mummy
  7719 | D        | Noticed a greater mummy
  7719 | D        | Noticed a greater mummy
  7727 | D        | Killed a greater mummy
  7728 | D        | Noticed a greater mummy
  7743 | D        | Killed a greater mummy
  7743 | D        | Received a gift from Trog
  7744 | D        | Noticed a greater mummy
  7785 | D        | Killed a greater mummy
  7785 | D        | Reached skill level 27 in Throwing
  7799 | D        | Killed a greater mummy
  7799 | D        | Received a gift from Trog
  7805 | D        | Killed a greater mummy
  7805 | D        | Received a gift from Trog
  7809 | D        | Got a golden rune of Zot
  8078 | D        | Received a gift from Trog
  8089 | D        | Received a gift from Trog
  8106 | D        | Received a gift from Trog
  8119 | D        | Got an abyssal rune of Zot
  8318 | D        | Noticed Geryon
  8340 | D        | Killed Geryon
  8344 | D        | Noticed Antaeus
  8344 | D        | Noticed Gloorx Vloq
  8345 | D        | Noticed Dispater
  8348 | D        | Noticed Lom Lobon
  8357 | D        | HP: 10/219 [Antaeus (13)]
  8358 | D        | Demolished by Antaeus

Vault maps used:
D:        linesprint

Skill      XL: |  1  2  3  4  5  6  7  8  9 10 11 12 13 14 15 16 17 18 19 20 21 |
---------------+----------------------------------------------------------------+-----
Fighting       | 3 4 5 6 7 8 9 11 15 19 23 26 27 | 27.0
Axes           | 3 4 5 7 8 10 11 12 14 17 19 24 27 | 27.0
Armour         | 4 5 6 7 9 10 11 12 15 17 19 22 25 27 | 27.0
Shields        | 4 5 6 7 9 10 11 12 15 17 19 20 21 26 27 | 27.0
Evocations     | 25 27 | 27.0
Dodging        | 27 | 27.0
Stealth        | 10 27 | 27.0
Unarmed Combat | 20 27 | 27.0
Throwing       | 21 27 | 27.0

Action                   |  1- 3 |  4- 6 |  7- 9 | 10-12 | 13-15 | 16-18 | 19-21 || total
-------------------------+-------+-------+-------+-------+-------+-------+-------++-------
Melee: War axe           |    39 |    10 |       |       |       |       |       ||    49
       Broad axe         |       |    37 |   104 |   393 |   806 |   894 |   786 ||  3020
       Headbutt          |       |       |       |       |    32 |       |       ||    32
Invok: Trog's Hand       |       |     1 |     4 |    17 |    15 |     5 |    20 ||    62
       Brothers in Arms  |       |       |     1 |       |     1 |       |     2 ||     4
       Berserk           |       |       |       |     6 |     1 |       |     5 ||    12
 Abil: Heal Wounds       |       |     2 |       |     1 |       |       |    10 ||    13
  Use: Potion            |       |     1 |       |     4 |     5 |       |     8 ||    18
       Scroll            |       |       |     4 |     4 |     4 |     4 |       ||    16
 Stab: Confused          |       |       |       |     1 |       |       |       ||     1
       Distracted        |       |       |       |       |       |       |     1 ||     1
       Sleeping          |       |       |       |       |       |       |     2 ||     2
  Eat: Chunk             |       |       |     5 |    16 |    30 |     9 |    11 ||    71
       Bread ration      |       |       |       |     1 |     1 |     1 |     4 ||     7
Armor: Scale mail        |    21 |     2 |       |       |       |       |       ||    23
       Chain mail        |       |    11 |    45 |    31 |       |       |       ||    87
       Plate armour      |       |       |       |    52 |    87 |       |       ||   139
       Gold dragon scale |       |       |       |       |   319 |   193 |   223 ||   735
Dodge: Dodged            |     8 |     7 |    17 |    70 |   134 |   118 |   299 ||   653
Block: Shield            |    26 |    25 |    50 |   188 |   193 |   318 |   502 ||  1302
       Large shield      |       |       |       |       |   505 |   215 |       ||   720
       Reflection        |       |       |       |       |       |     1 |    12 ||    13

Table legend:
 A = Spawn XP
 B = Non-spawn XP
 C = Spawn XP percentage of total XP
 D = Spawn monster count
 E = Non-spawn monster count
 F = Spawn count percentage of total count
 G = Total turns spent on level
                    A         B        C        D         E        F      G
               +---------+---------+-------+---------+---------+-------+---------
         Total |       0 |  656091 |   0.0 |       0 |     505 |   0.0 |  8358
               +---------+---------+-------+---------+---------+-------+---------
             D |       0 |  656091 |   0.0 |       0 |     505 |   0.0 |  8358
               +---------+---------+-------+---------+---------+-------+---------
